 Dungeon Sprint DCSS version 0.20-a0-1116-gaa52201 (webtiles) character file.

4699 potatolord5000 the Impaler (level 10, 0/92 HPs)
             Began as a Merfolk Gladiator on May 8, 2017.
             Was a High Priest of Okawaru.
             Slain by a deep elf knight
             ... wielding a +0 dire flail of crushing
              (4 damage)
             ... in the Dungeon (Sprint V: "Ziggurat Sprint").
             The game lasted 00:06:31 (509 turns).

potatolord5000 the Impaler (Merfolk Gladiator)       Turns: 509, Time: 00:06:32

Health: 0/92       AC: 10    Str: 14    XL:     10   Next: 45%
Magic:  0/10       EV: 31    Int:  7    God:    Okawaru [*****.]
Gold:   0          SH:  0    Dex: 32    Spells: 9/9 levels left

rFire    + + .     SeeInvis .   d - +8 lance "Wyrmbane" {slay drac, rPois rF+ rC+ AC+3}
rCold    + . .     Gourm    .   (no shield)
rNeg     + . .     Faith    .   z - +0 steam dragon scales
rPois    +         Spirit   .   c - +0 helmet
rElec    .         Reflect  .   (no cloak)
rCorr    .         Harm     .   y - +0 pair of gloves of Minor Irritation {rPois rF+ rN+ MR-}
MR       .....     NoTele   +   (no boots)
Stlth    +++.......             (no amulet)
Regen    0.3/turn               a - +6 ring of dexterity
MPRegen  0.2/turn               l - +6 ring of dexterity

@: confused, slowed, very slow
A: change form in water, swift swim, stealthy swim
a: Heroism, Finesse, Renounce Religion


You were in the Dungeon.
You worshipped Okawaru.
Okawaru was extremely pleased with you.
You were not hungry.

You visited 1 branch

Inventory:

Hand Weapons
 d - the +8 lance "Wyrmbane" (weapon) {slay drac, rPois rF+ rC+ AC+3}
   (You found it in the Dungeon)

   It affects your AC (+3).
   It protects you from fire.
   It protects you from cold.
   It protects you from poison.
Armour
 c - a +0 helmet (worn)
 y - the +0 pair of gloves of Minor Irritation (worn) {rPois rF+ rN+ MR-}
   (You found it in the Dungeon)

   It protects you from fire.
   It protects you from poison.
   It protects you from negative energy.
   It affects your resistance to hostile enchantments.
 z - +0 steam dragon scales (worn)
Jewellery
 a - a +6 ring of dexterity (left hand)
 b - an uncursed ring of protection from cold
 l - a +6 ring of dexterity (right hand)
Scrolls
 k - 4 scrolls of blinking
 o - 4 scrolls of amnesia
 p - 3 scrolls of recharging
 q - 7 scrolls of fog
 r - a scroll of holy word
 s - 5 scrolls of identify
 t - 4 scrolls of remove curse
 u - 2 scrolls of fear
Potions
 e - 7 potions of curing
 g - 4 potions of heal wounds
 h - 5 potions of haste
 i - 7 potions of magic
 j - 3 potions of berserk rage
 v - 2 potions of brilliance
 w - 2 potions of invisibility
 x - 3 potions of resistance
 A - 3 potions of agility
 B - 3 potions of might
Comestibles
 f - 5 bread rations
 m - 42 fruits
 n - 4 meat rations


   Skills:
 + Level 13.2 Fighting
 + Level 16.8 Polearms
 - Level 2.0 Throwing
 + Level 15.4 Dodging
 + Level 14.1 Stealth


You had 9 spell levels left.
You didn't know any spells.

Dungeon Overview and Level Annotations

Branches:
Dungeon (1/1)

Altars:
Ashenzari
Cheibriados
Dithmenos
Elyvilon
Fedhas
Gozag
Hepliaklqana
Kikubaaqudgha
Makhleb
Nemelex Xobeh
Okawaru
Qazlal
Ru
Sif Muna
Trog
Uskayaw
Vehumet
Wu Jian
Xom
Yredelemnul
Zin
The Shining One
Beogh
Jiyva
Lugonu

Annotations:
D 1 transporter


Message History

The deep elf sorcerer is severely wounded.
The deep elf sorcerer points at you and mumbles some strange words.
The bolt of acid misses you. The water elemental barely misses you.
You puncture the deep elf sorcerer!
The deep elf sorcerer is almost dead.
The deep elf knight misses you.
The deep elf sorcerer casts a spell at you.
The water elemental misses you.
Unknown command.
You puncture the deep elf sorcerer!
You kill the deep elf sorcerer!
Okawaru is honoured by your kill.
Your Fighting skill increases to level 13!
Your Polearms skill increases to level 16!
Your Dodging skill increases to level 15!
Your Stealth skill increases to level 14!
The deep elf knight hits you from afar with a +3 antimagic scythe.
* * * LOW HITPOINT WARNING * * *
The deep elf knight hits you with a +0 dire flail of crushing.
You die...

▓..8©8..▓
▓..")[..▓
▓..))[..▓
▓......e▓
▓.......▓
▓.......▓
▓....e..▓
▓.▓Eee▓.▓
▓..(@(..▓
▓▓▓▓▓▓▓▓▓


You could see a deep elf archer, 2 deep elf knights, a water elemental and a
deep elf mage.

Vanquished Creatures
  A deep elf sorcerer (D)
  A dancing weapon (D)
  2 deep elf magi (D)
  2 jumping spiders (D)
  5 merfolk (D)
  A water elemental (D)
  2 steam dragons (D)
  A swamp drake (D)
  A crimson imp (D)
  2 quasits (D)
  A shadow imp (D)
19 creatures vanquished.

Notes
Turn   | Place    | Note
-------+----------+-------------------------------------------
     0 | D        | potatolord5000 the Merfolk Gladiator began the quest for the Orb.
     0 | D        | Reached XP level 1. HP: 16/16 MP: 1/1
     4 | D        | Found a blossoming altar of Fedhas.
     5 | D        | Found a viscous altar of Jiyva.
     5 | D        | Found an ancient bone altar of Kikubaaqudgha.
     5 | D        | Found a hazy altar of Hepliaklqana.
     5 | D        | Found a corrupted altar of Lugonu.
     5 | D        | Found an opulent altar of Gozag.
     5 | D        | Found a burning altar of Makhleb.
     8 | D        | Found a stormy altar of Qazlal.
     8 | D        | Found a sacrificial altar of Ru.
     8 | D        | Found an iron altar of Okawaru.
     8 | D        | Found a deep blue altar of Sif Muna.
     8 | D        | Found a sparkling altar of Nemelex Xobeh.
     8 | D        | Found a bloodstained altar of Trog.
    84 | D        | Became a worshipper of Warmaster Okawaru
    92 | D        | Reached skill level 7 in Polearms
    92 | D        | Reached XP level 2. HP: 26/26 MP: 2/2
    96 | D        | Entered arena 2.
    96 | D        | Noticed a jumping spider
    96 | D        | Noticed a jumping spider
   104 | D        | Killed a jumping spider
   104 | D        | Reached * piety under Okawaru
   104 | D        | Reached skill level 10 in Polearms
   104 | D        | Reached XP level 3. HP: 32/36 MP: 3/3
   104 | D        | Reached XP level 4. HP: 38/43 MP: 4/4
   104 | D        | Reached XP level 5. HP: 43/48 MP: 5/5
   107 | D        | Killed a jumping spider
   107 | D        | Reached ** piety under Okawaru
   107 | D        | Reached skill level 11 in Polearms
   107 | D        | Reached skill level 10 in Dodging
   107 | D        | Reached XP level 6. HP: 51/57 MP: 6/6
   110 | D        | Got the cursed +0 pair of gloves of Minor Irritation {rPois rF+ rN+ MR-}
   120 | D        | Entered arena 3.
   120 | D        | Noticed a swamp drake
   120 | D        | Noticed a steam dragon
   120 | D        | Noticed a steam dragon
   125 | D        | Killed a steam dragon
   125 | D        | Reached XP level 7. HP: 59/63 MP: 7/7
   126 | D        | Killed a steam dragon
   126 | D        | Reached skill level 12 in Polearms
   128 | D        | Reached *** piety under Okawaru
   128 | D        | Reached skill level 10 in Stealth
   147 | D        | Entered arena 4.
   155 | D        | Reached XP level 8. HP: 72/72 MP: 8/8
   163 | D        | Entered arena 5.
   163 | D        | Noticed a glaive of protection
   163 | D        | Noticed a deep elf mage
   163 | D        | Noticed a deep elf mage
   163 | D        | Noticed a water elemental
   167 | D        | Killed a water elemental
   167 | D        | Reached skill level 10 in Fighting
   181 | D        | Killed a deep elf mage
   181 | D        | Received a gift from Okawaru
   181 | D        | Reached skill level 13 in Polearms
   189 | D        | Killed a deep elf mage
   189 | D        | Reached **** piety under Okawaru
   189 | D        | Reached skill level 14 in Polearms
   189 | D        | Reached XP level 9. HP: 38/81 MP: 9/9
   208 | D        | Killed a glaive of protection
   208 | D        | Reached ***** piety under Okawaru
   208 | D        | Reached skill level 15 in Polearms
   428 | D        | Entered arena 6.
   428 | D        | Noticed a merfolk
   428 | D        | Noticed a merfolk
   428 | D        | Noticed a merfolk
   428 | D        | Noticed a merfolk
   428 | D        | Noticed a merfolk
   445 | D        | Killed a merfolk
   445 | D        | Received a gift from Okawaru
   452 | D        | Killed a merfolk
   460 | D        | Killed a merfolk
   469 | D        | Killed a merfolk
   476 | D        | Killed a merfolk
   476 | D        | Reached XP level 10. HP: 42/90 MP: 10/10
   494 | D        | Entered arena 7.
   494 | D        | Noticed a deep elf archer
   494 | D        | Noticed a deep elf knight
   494 | D        | Noticed a deep elf sorcerer
   494 | D        | Noticed a deep elf mage
   494 | D        | Noticed a deep elf knight
   505 | D        | HP: 4/90 [deep elf knight/+3 antimagic scythe (7)]
   509 | D        | Killed a deep elf sorcerer
   509 | D        | Reached skill level 16 in Polearms
   509 | D        | Reached skill level 15 in Dodging
   509 | D        | Slain by a deep elf knight

Vault maps used:
D:        sprint_v

Skill      XL: |  1  2  3  4  5  6  7  8  9 10 |
---------------+-------------------------------+-----
Fighting       | 4 7 8 9 11 12 13 | 13.2
Polearms       | 7 10 11 12 14 15 16 | 16.8
Dodging        | 6 9 10 11 13 14 15 | 15.4
Stealth        | 4 7 8 9 10 11 13 14 | 14.1
Throwing       | |  2.0

Action                   |  1- 3 |  4- 6 |  7- 9 | 10-12 || total
-------------------------+-------+-------+-------+-------++-------
Melee: Lance             |     5 |     5 |    84 |     7 ||   101
Invok: Heroism           |       |       |       |     1 ||     1
  Use: Potion            |     4 |     1 |     7 |     4 ||    16
       Scroll            |       |     1 |       |       ||     1
 Stab: Sleeping          |       |       |     3 |       ||     3
Armor: Steam dragon scal |       |       |     4 |       ||     4
Dodge: Dodged            |     7 |       |    84 |    20 ||   111
